 Dungeon Crawl Stone Soup version 0.25.1-2-g60ff931df9 (webtiles) character file.

Game seed: 13718209394718850837

6586 funkygono the Cleaver (level 10, -6/77 HPs)
             Began as a Demonspawn Abyssal Knight on Aug 7, 2020.
             Was a High Priest of Lugonu.
             Mangled by a yak (12 damage)
             ... on level 9 of the Dungeon.
             The game lasted 00:30:54 (10133 turns).

funkygono the Cleaver (Demonspawn Abyssal Knight)  Turns: 10133, Time: 00:30:54

Health: -6/77      AC:  8    Str: 17    XL:     10   Next: 71%
Magic:  0/14       EV: 16    Int: 14    God:    Lugonu [*****.]
Gold:   50         SH:  0    Dex: 20    Spells: 10/11 levels left

rFire    + + .     SeeInvis +   q - +10 broad axe of Beyond {flame, Int-2 Dex+8 SInv Stlth+}
rCold    + + .     Gourm    .   (no shield)
rNeg     + + .     Faith    .   s - +2 robe {MR+}
rPois    .         Spirit   +   n - +0 helmet {Int+3}
rElec    .         Reflect  .   l - scarf {rC+ rF+}
rCorr    .         Harm     .   i - +1 pair of gloves
MR       ++...                  G - +0 pair of boots "Wexaydab" {rF+ rC+ rN++} (curse)
Stlth    ++++......             D - amulet of guardian spirit
HPRegen  0.22/turn              E - ring of protection from magic
MPRegen  0.14/turn              (no ring)

@: no status effects
A: talons 2, powered by death 1, sturdy frame 2
a: Depart the Abyss, Bend Space, Banish, Corrupt, Enter the Abyss, Renounce
Religion


You were on level 9 of the Dungeon.
You worshipped Lugonu.
Lugonu was extremely pleased with you.
You were not hungry.

You visited 1 branch of the dungeon, and saw 9 of its levels.
You visited the Abyss 1 time.
You also visited: Sewer.

You collected 382 gold pieces.
You spent 332 gold pieces at shops.

Inventory:

Hand Weapons
 a - a +2 vorpal mace
 h - a +2 dagger of venom
 m - a +2 dagger of speed
 q - the +10 broad axe of Beyond (weapon) {flame, Int-2 Dex+8 SInv Stlth+}
   (You found it in a sewer)

   It has been specially enchanted to burn those struck by it, causing extra
   injury to most foes and up to half again as much damage against particularly
   susceptible opponents.
   Big, fiery blades are also staple armaments of hydra-hunters.
   It affects your intelligence (-2).
   It affects your dexterity (+8).
   It lets you see invisible.
   It makes you more stealthy.
Missiles
 d - 258 stones (quivered)
Armour
 b - a +0 leather armour
 i - a +1 pair of gloves (worn)
 l - a scarf of resistance (worn)
 n - a +0 helmet of intelligence (worn)
 s - a +2 robe of magic resistance (worn)
 t - a +0 chain mail
 v - a +1 pair of boots
 C - a +0 kite shield
 G - the cursed +0 pair of boots "Wexaydab" (worn) {rF+ rC+ rN++}
   (You bought it in a shop on level 8 of the Dungeon)

   It protects you from fire.
   It protects you from cold.
   It greatly protects you from negative energy.
   It has a curse placed upon it.
Jewellery
 D - an amulet of guardian spirit (around neck)
 E - a ring of protection from magic (left hand)
 F - an uncursed amulet of magic regeneration
Wands
 r - a wand of random effects (19)
 y - a wand of disintegration (17)
 A - a wand of acid (4)
 B - a wand of polymorph (3)
Scrolls
 k - 3 scrolls of teleportation
 o - 9 scrolls of remove curse
 x - 2 scrolls of enchant weapon
 H - a scroll of amnesia
 J - a scroll of blinking
Potions
 e - 3 potions of flight
 g - 2 potions of stabbing
 j - 5 potions of curing
 u - a potion of lignification
 w - 3 potions of might
 z - a potion of cancellation
 I - a potion of haste {unknown}
Comestibles
 c - 14 rations
 f - 5 chunks of flesh


   Skills:
 + Level 6.9 Fighting
 + Level 10.3(10.8) Axes
 + Level 5.2(8.5) Maces & Flails
 + Level 1.8 Armour
 + Level 5.7 Dodging
 - Level 3.0 Stealth
 + Level 1.1 Spellcasting
 + Level 1.2 Conjurations
 + Level 5.6 Invocations


You had 10 spell levels left.
You knew the following spells:

 Your Spells              Type           Power        Failure   Level  Hunger
a - Magic Dart            Conj           #...         16%         1    ##.....

Your spell library contained the following spells:

 Spells                   Type           Power        Failure   Level  Hunger
 Searing Ray              Conj           #.....       24%         2    ###....
 Dazzling Flash           Conj/Hex       #.....       52%         3    ####...
 Fulminant Prism          Conj/Hex       #.........   90%         4    #####..
 Iskenderun's Mystic Bla  Conj/Tloc      #.......     90%         4    #####..


Dungeon Overview and Level Annotations

Branches:
Dungeon (9/15)             Temple (0/1) D:4             Orc (0/2) D:9
  Sewer (visited)
   Lair: D:8-11

Altars:
Ashenzari
Dithmenos
Fedhas
Makhleb
Okawaru
Qazlal
Trog
Uskayaw
Xom
Zin

Shops:
D:8 [=?}


Innate Abilities, Weirdness & Mutations

You have razor-sharp toenails.
You regenerate a little health from kills.
Your movements are less encumbered by armour. (ER -4)


Message History

The yak gores you but does no damage.
You barely miss the yak.
The yak is heavily wounded.
The yak misses you.
You slice the yak!! You burn the yak.
You kill the yak!
Lugonu accepts your kill.
You hear a bellow!
Things that are here:
a yak corpse x2
Butcher a yak corpse? [(y)es/(n)o/(a)ll/(q)uit/?]
You butcher the yak corpse. x2
The yak gores you!
* * * LOW HITPOINT WARNING * * *
Items here: %% ÷÷ 4 chunks of flesh; a yak skeleton; 5 chunks of flesh; a yak skeleton You slash the yak!
You burn the yak.
The yak is heavily wounded.
The yak gores you!
You die...

....# ....# ....###
....'? .)..# ... #####'#
#).@Y.# #.#####
##.##########
###...........#
#........)....# ####+
#.#######[#).)# #....
...#8...8#.#..†#####....
.##
#.....#.#..))))[#.... #
#..>..'.#...###['....


You could see a yak.

Vanquished Creatures
  A two-headed ogre (D:8)
  Joseph (D:7)
  A troll (D:9)
  A wyvern (D:8)
  4 yaks (D:9)
  Duvessa (D:4)
  Purgy (Sewer)
  4 orc warriors
  2 sky beasts
  5 ice beasts
  8 ogres
  A black bear (D:8)
  A phantom (D:5)
  2 centaurs (D:5)
  3 big kobolds (D:9)
  7 bullfrogs
  Dowan (D:4)
  4 gnoll sergeants (D:9)
  3 scorpions
  A howler monkey (D:6)
  3 crimson imps
  6 hounds
  A bullfrog skeleton (D:4)
  10 orc priests
  Jessica (D:2)
  Natasha (thrice) (D:2)
  6 orc wizards
  5 worker ants
  A hound skeleton (D:8)
  A worker ant zombie (D:5)
  Robin (D:2)
  10 gnolls
  10 adders
  A river rat (D:4)
  A shadow imp (D:7)
  An ooze (D:3)
  2 worms (D:3)
  3 dart slugs (D:1)
  6 leopard geckos
  39 orcs
  3 ball pythons
  2 giant cockroaches
  19 goblins
  7 hobgoblins
  5 jackals (D:5)
  3 quokkas
  10 bats
  3 frilled lizards
  A jackal skeleton (D:5)
  5 kobolds
  A leopard gecko skeleton (D:8)
  A leopard gecko zombie (D:6)
  10 rats
233 creatures vanquished.

Vanquished Creatures (others)
  An orc wizard (D:7)
  A quokka (D:5)
2 creatures vanquished.

Grand Total: 235 creatures vanquished

Notes
Turn   | Place    | Note
-------+----------+-------------------------------------------
     0 | Abyss:1  | funkygono the Demonspawn Abyssal Knight began the quest for
                  | the Orb.
     0 | Abyss:1  | Reached XP level 1. HP: 18/18 MP: 2/2
    80 | Abyss:1  | Noticed a worldbinder
   117 | D:1      | Escaped the Abyss
   368 | D:1      | Reached * piety under Lugonu
   368 | D:1      | Gained mutation: Your movements are slightly less
                  | encumbered by armour. (ER -2) [demonic ancestry]
   368 | D:1      | Reached XP level 2. HP: 24/24 MP: 4/4
  1014 | D:2      | Reached skill level 1 in Dodging
  1051 | D:2      | Gained mutation: You have sharp toenails. [demonic
                  | ancestry]
  1051 | D:2      | Reached XP level 3. HP: 28/30 MP: 5/5
  1065 | D:2      | Noticed Robin
  1079 | D:2      | Killed Robin
  1121 | D:2      | Reached ** piety under Lugonu
  1373 | D:2      | Found an iron altar of Okawaru.
  1454 | D:2      | Reached XP level 4. HP: 30/37 MP: 6/6
  1583 | D:2      | HP: 1/37 [gnoll/+0 spear (9)]
  1808 | D:2      | Noticed Natasha
  1818 | D:2      | Killed Natasha
  1961 | D:2      | Noticed Jessica
  1966 | D:2      | Killed Jessica
  1966 | D:2      | Reached XP level 5. HP: 33/42 MP: 7/7
  2075 | D:2      | Found a glowing silver altar of Zin.
  2146 | D:2      | Noticed Natasha
  2154 | D:2      | Killed Natasha
  2346 | D:2      | Noticed Natasha
  2358 | D:2      | Killed Natasha
  2358 | D:2      | Reached skill level 1 in Stealth
  2760 | D:3      | Reached XP level 6. HP: 35/48 MP: 8/8
  2872 | D:3      | Reached *** piety under Lugonu
  3468 | D:3      | Noticed a water elemental
  3469 | D:3      | Found a stormy altar of Qazlal.
  3472 | D:3      | Noticed an air elemental
  3472 | D:3      | Noticed a fire elemental
  3658 | D:4      | Found a glowing drain.
  3662 | Sewer    | Entered a sewer
  3725 | Sewer    | Noticed Purgy
  3747 | Sewer    | Killed Purgy
  3747 | Sewer    | Gained mutation: Your movements are less encumbered by
                  | armour. (ER -4) [demonic ancestry]
  3747 | Sewer    | Reached XP level 7. HP: 25/54 MP: 9/9
  3915 | Sewer    | Got a faintly glowing broad axe
  3952 | Sewer    | Identified the +10 broad axe of Beyond {flame, Int-2 Dex+8
                  | SInv Stlth+} (You found it in a sewer)
  3991 | D:4      | Found a hide-covered altar of Uskayaw.
  4036 | D:4      | Noticed Duvessa
  4050 | D:4      | Killed Duvessa
  4051 | D:4      | Noticed Dowan
  4066 | D:4      | Killed Dowan
  4066 | D:4      | Reached skill level 5 in Maces & Flails
  4458 | D:4      | Reached skill level 1 in Axes
  4627 | D:4      | Found a staircase to the Ecumenical Temple.
  4968 | D:5      | Entered Level 5 of the Dungeon
  5039 | D:5      | Reached **** piety under Lugonu
  5260 | D:5      | Reached skill level 2 in Axes
  5260 | D:5      | Reached XP level 8. HP: 61/61 MP: 10/10
  5263 | D:5      | Found a glowing silver altar of Zin.
  5371 | D:5      | Reached skill level 5 in Fighting
  5371 | D:5      | Reached skill level 3 in Axes
  5843 | D:5      | Reached skill level 4 in Axes
  6029 | D:5      | Reached skill level 5 in Axes
  6579 | D:6      | Found a blossoming altar of Fedhas.
  6732 | D:6      | Gained mutation: You regenerate a little health from kills.
                  | [demonic ancestry]
  6732 | D:6      | Reached XP level 9. HP: 68/68 MP: 12/12
  6743 | D:6      | Reached skill level 6 in Axes
  6833 | D:6      | Found a bloodstained altar of Trog.
  7343 | D:7      | Learned a level 1 spell: Magic Dart
  7366 | D:7      | Found a shimmering altar of Xom.
  7617 | D:7      | Reached skill level 7 in Axes
  7697 | D:7      | Reached skill level 5 in Invocations
  8045 | D:7      | Noticed Joseph
  8055 | D:7      | Killed Joseph
  8055 | D:7      | Reached skill level 5 in Dodging
  8055 | D:7      | Reached skill level 1 in Conjurations
  8563 | D:8      | Found Xesauwko's Gadget Shop.
  8574 | D:8      | Noticed a two-headed ogre
  8582 | D:8      | Killed a two-headed ogre
  8582 | D:8      | Reached skill level 8 in Axes
  8582 | D:8      | Reached skill level 1 in Spellcasting
  8582 | D:8      | Gained mutation: You have razor-sharp toenails. [demonic
                  | ancestry]
  8582 | D:8      | Reached XP level 10. HP: 45/77 MP: 13/13
  8768 | D:8      | Reached ***** piety under Lugonu
  8974 | D:8      | Found Ixidi's Antique Armour Emporium.
  8984 | D:8      | Bought a pair of smoking boots for 332 gold pieces
  8994 | D:8      | Identified the cursed +0 pair of boots "Wexaydab" {rF+ rC+
                  | rN++} (You bought it in a shop on level 8 of the Dungeon)
  9012 | D:8      | Found a shadowy altar of Dithmenos.
  9013 | D:8      | Found a bloodstained altar of Trog.
  9013 | D:8      | Found a burning altar of Makhleb.
  9013 | D:8      | Found a shattered altar of Ashenzari.
  9166 | D:8      | Found Ecok's Jewellery Shop.
  9238 | D:8      | Found Epedeogg's Magic Scroll Emporium.
  9312 | D:8      | Reached skill level 9 in Axes
  9557 | D:9      | Found a staircase to the Orcish Mines.
 10118 | D:9      | Reached skill level 10 in Axes
 10133 | D:9      | Mangled by a yak

Illustrated notes

Levels and vault maps discovered:
D:1:      saegor_arrival_simple_d, layout_basic
D:2:      layout_basic, zin_statuary, okawaru_gym_becter, uniq_robin,
          uniq_jessica, uniq_natasha
D:3:      corexii_shack_village, layout_loops_ring,
          nicolae_qazlal_style_of_elements, first_ration, grunt_ministairs_10,
          grunt_decor_mini_mirrors
D:4:      layout_layer_cave, old_standard_altar,
          minmay_temple_entry_proselytizer, gup_sewer_entry_bowl, minivault_4,
          uniq_duvessa
D:5:      layout_layer_cave, basic_altar, nzn_random_ring
D:6:      layout_cave_pools, basic_altar, trog_three_pillars_becter
D:7:      layout_basic, lemuel_crystal_altar, uniq_joseph
D:8:      layout_loops_ring, chequers_temple_overflow_statue_of_worship,
          serial_shops, shop_fountains, kennysheep_mini, shop,
          nicolae_shop_overgrown_old_shop
D:9:      layout_roguey, kennysheep_orc_monster_closet_entryway, enter_bailey_6

Skill      XL: |  1  2  3  4  5  6  7  8  9 10 |
---------------+-------------------------------+-----
Invocations    | 3 4 5 |  5.6
Maces & Flails | 2 3 4 5 |  5.2
Dodging        | 1 2 3 4 5 |  5.7
Stealth        | 1 2 3 |  3.0
Fighting       | 4 5 6 |  6.9
Axes           | 2 5 8 10 | 10.3
Conjurations   | 1 |  1.2
Spellcasting   | 1 |  1.1
Armour         | |  1.8

Action                   |  1- 3 |  4- 6 |  7- 9 | 10-12 || total
-------------------------+-------+-------+-------+-------++-------
Melee: Mace              |    90 |   232 |       |       ||   322
       Kick              |     7 |    56 |     7 |       ||    70
       Broad axe         |       |       |   199 |   117 ||   316
Throw: Stone             |       |     1 |     2 |       ||     3
 Cast: Magic Dart        |       |       |     7 |     7 ||    14
Invok: Depart the Abyss  |     1 |       |       |       ||     1
       Bend Space        |       |     2 |     9 |     3 ||    14
       Banish            |       |       |     2 |       ||     2
  Use: Scroll            |     9 |     2 |     6 |       ||    17
       Potion            |       |     1 |     1 |     2 ||     4
 Stab: Sleeping          |       |     4 |    15 |     3 ||    22
       Distracted        |       |       |     1 |       ||     1
  Eat: Chunk             |     2 |     8 |    14 |     4 ||    28
       Ration            |       |       |     1 |       ||     1
Armor: Leather armour    |    31 |    86 |     4 |       ||   121
       Robe              |       |       |    50 |    22 ||    72
Dodge: Dodged            |    77 |   218 |   148 |    95 ||   538
